 Dungeon Crawl Stone Soup version 0.25-a0-857-g60a0bcd8b5 (webtiles) character file.

Game seed: 4607944584606326505, levelgen mode: deterministic

151 Error4North the Shield-Bearer (level 5, 0/41 HPs)
             Began as a Human Fighter on Apr 26, 2020.
             Slain by a hound (3 damage)
             ... on level 3 of the Dungeon.
             The game lasted 00:07:20 (1544 turns).

Error4North the Shield-Bearer (Human Fighter)       Turns: 1544, Time: 00:07:21

Health: 0/41       AC:  1    Str: 18    XL:     5   Next: 60%
Magic:  5/5        EV:  8    Int:  8    God:
Gold:   117        SH:  9    Dex: 12    Spells: 4/4 levels left

rFire    . . .     SeeInvis +   a - +0 war axe
rCold    . . .     Gourm    .   c - +0 kite shield
rNeg     . . .     Faith    .   b - +0 scale mail
rPois    .         Spirit   .   (no helmet)
rElec    .         Reflect  .   (no cloak)
rCorr    .         Harm     .   (no gloves)
MR       .....                  (no boots)
Stlth    ..........             i - amulet of regeneration
HPRegen  0.53/turn              j - ring of see invisible
MPRegen  0.09/turn              k - -5 ring of protection (curse)

@: no status effects
A: no striking features
a: no special abilities


You were on level 3 of the Dungeon.
You were not hungry.

You visited 1 branch of the dungeon, and saw 3 of its levels.

You collected 117 gold pieces.

Inventory:

Hand Weapons
 a - a +0 war axe (weapon)
 r - a +2 hunting sling of flaming
Missiles
 s - 32 stones (quivered)
Armour
 b - a +0 scale mail (worn)
 c - a +0 kite shield (worn)
Jewellery
 i - an amulet of regeneration (around neck)
 j - a ring of see invisible (left hand)
 k - a cursed -5 ring of protection (right hand)
 l - an uncursed amulet of harm {unknown}
Scrolls
 g - 2 scrolls of teleportation
 o - a scroll of enchant armour {unknown}
 q - a scroll of noise {unknown}
 t - a scroll of fog {unknown}
 u - 2 scrolls of identify {unknown}
Potions
 d - 3 potions of might
 e - a potion of mutation {unknown}
 m - a potion of degeneration {unknown}
 n - 2 potions of curing {unknown}
 p - a potion of cancellation {unknown}
 v - a potion of berserk rage {unknown}
Comestibles
 f - 6 rations
 h - 2 chunks of flesh


   Skills:
 * Level 3.5 Fighting
 + Level 2.9 Axes
 + Level 0.5 Slings
 + Level 0.1(0.3) Throwing
 * Level 3.5 Armour
 * Level 1.6 Dodging
 * Level 4.0 Shields


You had 4 spell levels left.
You didn't know any spells.
Your spell library contained the following spells:

 Spells                   Type           Power        Failure   Level  Hunger
 Animate Skeleton         Necr           N/A          99%         1    ##.....
 Apportation              Tloc           #.....       99%         1    ##.....
 Corona                   Hex            #......      99%         1    ##.....
 Summon Small Mammal      Summ           #...         99%         1    ##.....


Dungeon Overview and Level Annotations

Branches:
Dungeon (3/15)

Altars:


Message History

The hound is almost dead.
The hound bites you. x2
You miss the hound.
The hound is almost dead.
You block the hound's attack. The hound bites you.
You closely miss the hound.
The hound is almost dead.
You block the hound's attack. The hound bites you.
You miss the hound.
The hound is almost dead.
The hound bites you.
* * * LOW HITPOINT WARNING * * *
The hound bites you.
* * * LOW HITPOINT WARNING * * *
You closely miss the hound.
The hound is almost dead.
The hound bites you.
* * * LOW HITPOINT WARNING * * *
The hound bites you.
You die...

♣♣♣ #############♣P.P♣♣ P
#..........@....P.♣ .♣♣
###########h#♣PPP... P..
#.##♣♣ P #P.
###########(#..♣ ♣###..
#..............♣♣ ♣♣.....
####.......(....♣♣♣
♣♣(.....
#.######.#.)##.###.......
#.# .....................
#.# ###.#.)##..#...###..


You could see a hound.

Vanquished Creatures
  A phantom (D:3)
  An adder (D:2)
  A worm (D:3)
  A leopard gecko (D:3)
  3 ball pythons
  9 bats
  7 giant cockroaches
  5 goblins
  2 hobgoblins
  6 jackals
  A quokka (D:3)
  6 frilled lizards
  A kobold (D:3)
  5 rats
49 creatures vanquished.

Vanquished Creatures (others)
  A plant (D:3)
1 creature vanquished.

Grand Total: 50 creatures vanquished

Notes
Turn   | Place    | Note
-------+----------+-------------------------------------------
     0 | D:1      | Error4North the Human Fighter began the quest for the Orb.
     0 | D:1      | Reached XP level 1. HP: 18/18 MP: 1/1
   173 | D:1      | Reached XP level 2. HP: 24/24 MP: 2/2
   348 | D:1      | Reached XP level 3. HP: 29/29 MP: 3/3
   390 | D:1      | Reached skill level 1 in Dodging
   726 | D:2      | You fall into a shaft and drop 1 floor!
   795 | D:3      | Noticed a phantom
   828 | D:3      | Killed a phantom
   828 | D:3      | Reached XP level 4. HP: 12/35 MP: 4/4
   828 | D:3      | Reached XP level 5. HP: 14/41 MP: 5/5
  1043 | D:3      | Reached skill level 4 in Shields
  1544 | D:3      | Slain by a hound

Levels and vault maps discovered:
D:1:      lightli_arrival_chessboard, layout_basic
D:2:      layout_rooms, nicolae_overflow_hidden_temple, old_standard_altar,
          palyth_stone_intersect, uniq_sigmund
D:3:      layout_basic, serial_forest, infiniplex_forest_clump_double,
          infiniplex_forest_end_double, infiniplex_forest_clump_curved,
          infiniplex_forest_straight_5, infiniplex_forest_lined_ring,
          infiniplex_forest_clump_C, infiniplex_forest_zigzag_1,
          infiniplex_forest_clump_curved, infiniplex_forest_end_3,
          serial_park_tiny_pond

Skill      XL: |  1  2  3  4  5 |
---------------+----------------+-----
Dodging        | 1 |  1.6
Shields        | 4 |  4.0
Fighting       | |  3.5
Axes           | |  2.9
Slings         | |  0.5
Throwing       | |  0.1
Armour         | |  3.5

Action                   |  1- 3 |  4- 6 || total
-------------------------+-------+-------++-------
Melee: War axe           |   115 |    50 ||   165
 Fire: Hunting sling     |     6 |     7 ||    13
Throw: Boomerang         |     2 |       ||     2
       Stone             |     1 |     1 ||     2
  Use: Scroll            |       |     1 ||     1
  Eat: Chunk             |       |     2 ||     2
Armor: Scale mail        |    86 |     1 ||    87
Dodge: Dodged            |    49 |    19 ||    68
Block: Kite shield       |    99 |    24 ||   123

Table legend:
 A = Non-vault XP
 B = Vault XP
 C = Vault XP percentage of total XP
 D = Non-vault monster count
 E = Vault monster count
 F = Vault count percentage of total count
                 A         B        C        D         E       F
            +---------+---------+-------+---------+---------+-------
      Total |     217 |       0 |   0.0 |      49 |       0 |   0.0
            +---------+---------+-------+---------+---------+-------
        D:1 |      39 |       0 |   0.0 |      25 |       0 |   0.0
        D:2 |      18 |       0 |   0.0 |       4 |       0 |   0.0
        D:3 |     160 |       0 |   0.0 |      20 |       0 |   0.0
            +---------+---------+-------+---------+---------+-------
